 Dungeon Crawl Stone Soup version 0.28-a0-1347-g113dc556a4 (webtiles) character file.

Game seed: 8752990525574378837

4 2tousent the Sneak (level 1, 0/10 HPs)
             Began as a Vampire Enchanter on Dec 29, 2021.
             Slain by a gnoll (7 damage)
             ... on level 1 of the Dungeon.
             The game lasted 00:00:58 (239 turns).

2tousent the Sneak (Vampire Enchanter)               Turns: 239, Time: 00:00:59

Health: 0/10       AC:  2    Str:  7    XL:     1   Next: 58%
Magic:  3/3        EV: 12    Int: 17    God:
Gold:   26         SH:  0    Dex: 14    Spells: 4/4 levels left

rFire   . . .      SeeInvis +   a - +1 dagger
rCold   + + .      Faith    .   (no shield)
rNeg    + + +      Spirit   .   b - +0 robe
rPois   ∞          Reflect  .   (no helmet)
rElec   .          Harm     .   (no cloak)
rCorr   .          Rampage  .   (no gloves)
Will    .....                   (no boots)
Stlth   +++++.....              (no amulet)
HPRegen 0.00/turn               (no ring)
MPRegen 0.08/turn               (no ring)

@: bloodless, inhibited regen
A: bloodless, fangs 3, see invisible, vampiric 1
a: Revivify


You were on level 1 of the Dungeon.
You visited 1 branch of the dungeon, and saw 1 of its levels.

You collected 26 gold pieces.

Inventory:

Hand Weapons
 a - a +1 dagger (weapon)
Armour
 b - a +0 robe (worn)
Scrolls
 d - 2 scrolls of teleportation {unknown}
 e - a scroll of silence {unknown}
Potions
 c - a potion of invisibility


   Skills:
 + Level 1.2 Short Blades
 - Level 2.1 Dodging
 * Level 4.6 Stealth
 - Level 2.0 Spellcasting
 * Level 4.6 Hexes


You had 4 spell levels left.
You didn't know any spells.
Your spell library contained the following spells:

 Spells                   Type           Power      Damage    Failure   Level
 Confusing Touch          Hex            17%        N/A       9%          3
 Tukima's Dance           Hex            17%        N/A       9%          3
 Ensorcelled Hibernation  Hex/Ice        18%        N/A       12%         2
 Dazzling Flash           Conj/Hex       18%        N/A       22%         3


Dungeon Overview and Level Annotations

Branches:
Dungeon (1/15)

Altars:


Innate Abilities, Weirdness & Mutations

You do not regenerate when monsters are visible.
You are frail without blood (-20% HP).
You can heal yourself when you bite living creatures.
You are immune to poison.
You have razor-sharp teeth.
You have supernaturally acute eyesight. (SInv)
You are afflicted with vampirism.


Message History

The helpless kobold fails to defend itself.
You bite the kobold, and draw its blood!
You impale the kobold!!
You kill the kobold!
Things that are here:
a +0 dagger; a stone; a kobold corpse A frilled lizard comes into view.
Found a stone staircase leading down.
A frilled lizard is nearby!
A rat comes into view.
The helpless frilled lizard fails to defend itself.
You bite the frilled lizard, and draw its blood!
You impale the frilled lizard!!
You kill the frilled lizard!
You barely miss the rat. The rat closely misses you.
You barely miss the rat. You bite the rat.
You kill the rat!
No target in view!
No target in view!
You enter the shallow water.
Moving in this stuff is going to be slow.
You now have 12 gold pieces.
You now have 26 gold pieces (gained 14).
A gnoll comes into view. It is wielding a +0 club.
A gnoll is nearby!
No reachable target in view!
No reachable target in view!
No reachable target in view!
The gnoll shouts!
You hear a shout!
A goblin comes into view. It is wielding a +0 dagger.
The gnoll closely misses you.
You hit the gnoll but do no damage. You bite the gnoll.
You draw the gnoll's blood!
The gnoll is lightly wounded.
The gnoll hits you with a +0 club.
You closely miss the gnoll.
The gnoll is lightly wounded.
The gnoll hits you with a +0 club!
Ouch! That really hurt!
You die...

#. #.# ####.##.#
........####
.PPPPP.....#
..P.P.PP....#
............# ##
.PPPg.PPg...#### #.
.PP...P.@....... #.
.P....P.....#### ####.
..PPPPP..####### #....
#............... #.###
###..#.#############.#
##.#.##............#
#...##.######...###
#...##.# ##.......###
#.##...##.#
#..####....#


You could see a gnoll and a goblin.

Vanquished Creatures
  An endoplasm (D:1)
  A kobold (D:1)
  2 frilled lizards (D:1)
  A rat (D:1)
5 creatures vanquished.

Notes
Turn   | Place    | Note
-------+----------+-------------------------------------------
     0 | D:1      | 2tousent the Vampire Enchanter began the quest for the Orb.
     0 | D:1      | Reached XP level 1. HP: 13/13 MP: 3/3
   239 | D:1      | Slain by a gnoll

Illustrated notes

Levels and vault maps discovered:
D:1:      dpeg_arrival_arbitrary_b, layout_basic, serial_rivers,
          chequers_serial_rivers_micro_c, chequers_serial_rivers_small_b,
          chequers_serial_rivers_small_b, chequers_serial_rivers_marsh,
          nicolae_grassy_gnolls

Action                   || total
-------------------------++-------
Melee: Dagger            ||     8
       Bite              ||     2
 Abil: Exsanguinate      ||     1
 Stab: Sleeping          ||     4
Dodge: Dodged            ||     2

Table legend: (Time is in decaauts)
 A = Elapsed time spent in this place.
 B = Non-inter-level travel time spent in this place.
 C = Inter-level travel time spent in this place.
 D = Time resting spent in this place.
 E = Time spent auto-exploring this place.
 F = Levels seen in this place.
 G = Mean time per level.
                   A        B        C        D        E       F      G
               +--------+--------+--------+--------+--------+-----+--------+
         Total |    239 |    239 |      0 |      0 |    199 |   1 |  239.0 |
       Dungeon |    239 |    239 |      0 |      0 |    199 |   1 |  239.0 |
               +--------+--------+--------+--------+--------+-----+--------+

Top non-repeatable levels by time:
     D:1: 239 daAuts
